Map: Submarine LE

Players

Namshar

  • Race: Zerg Zerg
  • League: Grandmaster
  • Spawn Location: 5:00

Future - Winner!

  • Race: Terran Terran
  • League: Master
  • Spawn Location: 11:00

Event: DreamHack SC2 Masters 2020 Winter

VOD

Have the link to the VOD?

Description

Time

  • Played on: Nov. 6, 2020, 4:58 p.m.
  • Length: 10:43

All games in this series

Show
View Real Time Build Order
Export as new Build Order

Namshar Zerg 

Build Orders: Hatch First 

Get SALT Encoding   

  12  0:00  Drone  
  13  0:12  Overlord  
  13  0:16  Drone  
  14  0:30  Drone x2  
  16  0:47  Hatchery  
  15  0:50  Drone  
  15  0:54  Drone  
  18  0:57  Drone  
  18  1:08  Extractor  
  17  1:12  Spawning Pool  
  17  1:15  Drone  
  17  1:18  Drone  
  18  1:28  Drone  
  19  1:38  Drone  
  20  1:49  Drone  
  21  1:59  Queen x2  
  21  2:00  Zergling x4  
  27  2:13  Hatchery  
  26  2:18  Overlord  
  26  2:24  Drone  
  26  2:25  Drone  
  28  2:38  Drone x3, Metabolic Boost  
  28  2:44  Drone  
  32  2:48  Overlord  
  32  2:52  Queen  
  32  2:55  Drone  
  35  3:00  Drone  
  36  3:08  Drone  
  36  3:09  Drone x4  
  41  3:13  Queen  
  41  3:16  Drone  
  44  3:20  Overlord  
  44  3:26  Queen  
  44  3:31  Queen  
  48  3:37  Drone  
  48  3:41  Overlord  
  49  3:44  Drone x2  
  49  3:45  Drone x3  
  54  3:49  Zergling x4  
  54  3:53  Drone x2  
  58  3:58  Overlord  
  58  4:04  Overlord  
  58  4:10  Lair  
  58  4:13  Drone x4  
  58  4:16  Baneling Nest  
  61  4:18  Drone x3  
  61  4:19  Extractor x2  
  61  4:22  Zergling x2  
  61  4:23  Zergling x4  
  65  4:26  Overlord  
  65  4:28  Zergling x4  
  67  4:31  Zergling x2  
  67  4:34  Spore Crawler  
  67  4:35  Spore Crawler  
  67  4:36  Spore Crawler  
  67  4:37  Drone  
  67  4:38  Drone  
  67  4:39  Drone  
  67  4:43  Zergling x2  
  67  4:44  Drone x2  
  71  4:51  Drone x5  
  76  4:57  Overlord  
  76  5:06  Drone x5  
  81  5:09  Zergling x2  
  81  5:10  Zergling x2  
  81  5:11  Centrifical Hooks  
  83  5:17  Overlord  
  83  5:28  Drone x8  
  89  5:35  Evolution Chamber x2, Extractor, Hatchery  
  82  5:36  Extractor  
  82  5:38  Overseer  
  79  5:43  Drone x2  
  79  5:44  Drone  
  81  5:54  Overlord  
  81  5:55  Drone x2  
  81  5:56  Drone  
  84  6:00  Hatchery  
  84  6:07  Hatchery, Overlord x2  
  84  6:09  Zergling x14  
  84  6:10  Zerg Melee Weapons Level 1, Zerg Ground Armor Level 1  
  91  6:17  Zergling x2  
  92  6:22  Overlord  
  92  6:23  Overlord  
  92  6:24  Zergling x6  
  92  6:25  Overlord  
  95  6:27  Zergling x4  
  95  6:32  Zergling x10  
  102  6:38  Zergling x2  
  103  6:43  Drone  
  103  6:45  Drone, Hydralisk Den  
  103  6:46  Zergling x2  
  105  6:47  Baneling x6  
  105  6:48  Baneling x5, Hatchery  
  105  6:49  Baneling  
  105  6:50  Zergling x6  
  107  6:54  Zergling x10  
  107  6:59  Zergling x2  
  107  7:00  Zergling x6  
  116  7:06  Zergling x6  
  105  7:17  Zergling x6  
  105  7:18  Baneling x5  
  105  7:19  Zergling x2  
  105  7:20  Zergling x6  
  108  7:22  Muscular Augments  
  108  7:27  Zergling x4  
  108  7:29  Baneling x2  
  100  7:37  Drone x5, Queen  
  100  7:40  Zergling x4  
  100  7:42  Baneling x2  
  109  7:47  Baneling x10  
  109  7:48  Zergling x10  
  109  7:50  Zergling x2  
  115  7:56  Zergling x8  
  109  8:00  Zergling x16  
  112  8:05  Zergling x2  
  112  8:06  Overseer  
  112  8:11  Zergling x8  
  117  8:13  Baneling  
  117  8:14  Baneling x3  
  117  8:20  Zergling x8  
  117  8:23  Zerg Melee Weapons Level 2, Zerg Ground Armor Level 2  
  121  8:32  Overlord x3  
  121  8:33  Drone x2  
  123  8:34  Grooved Spines  
  123  8:35  Hydralisk x3  
  126  8:43  Hatchery  
  126  8:47  Hydralisk x6  
  137  8:52  Hydralisk x3  
  143  8:58  Zergling x12  
  149  9:05  Zergling x2, Hydralisk  
  149  9:06  Zergling x12  
  158  9:10  Baneling x2  
  158  9:12  Hydralisk  
  158  9:13  Zergling x10  
  162  9:17  Zergling x8  
  161  9:25  Zergling x12  
  161  9:28  Overlord x3  
  164  9:32  Baneling x2  
  164  9:33  Baneling x2  
  163  9:41  Zergling x10, Hydralisk  
  163  9:45  Overlord x2  
  167  9:47  Hydralisk  
  167  9:48  Zergling x10  
  167  9:52  Hydralisk  
  168  9:53  Zergling x10  
  168  9:57  Hydralisk  
  168  9:58  Zergling x4  
  149  10:03  Zergling x8  
  134  10:08  Hydralisk  
  134  10:11  Hydralisk  
  134  10:12  Zergling x6  
  114  10:20  Baneling x6  
  114  10:26  Zergling x4  
Show
View Real Time Build Order
Export as new Build Order

Future Terran - Winner!

Build Orders: Reaper Expand, Hellion Banshee 

Get SALT Encoding   

  12  0:00  SCV  
  13  0:12  SCV  
  14  0:17  Supply Depot  
  14  0:24  SCV  
  15  0:38  SCV  
  15  0:39  Barracks  
  16  0:43  Refinery  
  16  0:50  SCV  
  17  1:02  SCV  
  18  1:14  SCV  
  19  1:26  Reaper  
  19  1:27  Orbital Command  
  20  1:38  Command Center  
  20  1:48  Supply Depot  
  20  1:53  SCV  
  21  1:58  Marine  
  22  2:05  SCV  
  22  2:07  Factory  
  23  2:15  Refinery  
  23  2:17  SCV  
  23  2:20  Barracks Reactor  
  24  2:29  SCV  
  25  2:41  SCV  
  26  2:50  Orbital Command  
  26  2:53  Starport, SCV  
  27  3:02  Hellion x2  
  27  3:05  Barracks Tech Lab, SCV  
  32  3:13  Supply Depot  
  32  3:15  SCV  
  32  3:18  SCV  
  34  3:23  Hellion x2  
  38  3:27  SCV  
  38  3:30  SCV  
  38  3:32  Barracks Tech Lab  
  40  3:34  Cloaking Field  
  40  3:35  Banshee  
  43  3:42  SCV x2  
  43  3:47  Hellion x2  
  49  3:50  Supply Depot  
  49  3:54  SCV x2  
  51  4:05  Marine, Stimpack  
  51  4:06  SCV  
  51  4:07  SCV  
  54  4:17  Command Center  
  54  4:19  SCV x2  
  54  4:22  Banshee  
  59  4:30  Supply Depot  
  59  4:32  SCV x2  
  61  4:40  Barracks, Factory Reactor  
  61  4:41  Barracks  
  61  4:45  SCV  
  62  4:52  SCV, Engineering Bay  
  63  4:53  Engineering Bay  
  63  4:55  Supply Depot  
  63  4:59  SCV, Refinery  
  64  5:00  Refinery  
  64  5:04  SCV  
  65  5:12  SCV  
  66  5:16  SCV  
  66  5:17  Starport Reactor  
  67  5:24  SCV, Marine  
  67  5:28  SCV  
  66  5:29  Marine x2  
  66  5:32  Terran Infantry Armor Level 1, Terran Infantry Weapons Level 1, Orbital Command  
  59  5:36  SCV  
  59  5:37  Marine  
  59  5:38  Marine  
  59  5:40  Siege Tank, SCV  
  59  5:41  Marine  
  67  5:47  Marine x2  
  67  5:48  SCV  
  70  5:50  Combat Shield, Supply Depot  
  70  5:52  SCV  
  70  5:55  Marine x2  
  73  5:59  Marine  
  73  6:00  Orbital Command  
  74  6:05  Marine x2  
  74  6:10  SCV x2  
  78  6:11  Medivac  
  78  6:12  Siege Tank, Medivac  
  78  6:14  Supply Depot  
  85  6:18  Marine x3  
  85  6:22  SCV x2, Marine x2  
  92  6:29  Supply Depot  
  92  6:30  SCV  
  92  6:31  Supply Depot  
  93  6:34  SCV x2  
  93  6:36  Marine  
  93  6:38  Armory  
  96  6:42  SCV  
  96  6:46  Siege Tank, SCV x2  
  102  6:49  Marine x4  
  106  6:54  Marine  
  106  6:56  SCV, Barracks  
  106  6:57  Barracks  
  106  6:58  SCV  
  109  7:02  SCV  
  110  7:09  SCV  
  110  7:14  Marine x2  
  110  7:15  Marine  
  104  7:17  Marine  
  104  7:18  Marine  
  104  7:19  Medivac x2  
  104  7:20  Siege Tank  
  113  7:25  Barracks  
  113  7:26  Barracks x2  
  111  7:31  Marine  
  111  7:32  Marine  
  111  7:33  Marine  
  111  7:35  Marine x2  
  113  7:49  Marine x2  
  113  7:50  Marine  
  113  7:51  Marine  
  116  7:52  Medivac x2, Siege Tank  
  116  7:53  Marine  
  116  7:57  Marine  
  124  7:59  Marine  
  124  8:03  Supply Depot x2  
  122  8:07  Marine x2  
  122  8:08  Marine  
  125  8:24  Marine x7, Supply Depot  
  125  8:25  Marine x2  
  125  8:26  Marine, Supply Depot  
  135  8:35  Siege Tank  
  138  8:42  Marine x7  
  138  8:43  Marine x3, Supply Depot x2  
  138  8:46  Medivac  
  149  9:00  Marine x8  
  149  9:01  Marine  
  157  9:05  Marine  
  157  9:07  Medivac  
  157  9:08  Siege Tank  
  163  9:16  Medivac  
  165  9:18  Marine x4  
  165  9:19  Marine  
  165  9:24  Marine  
  168  9:28  Marine  
  168  9:29  Marine x3  
  172  9:34  Supply Depot x3  
  172  9:36  Marine x5  
  172  9:37  Medivac  
  179  9:40  Siege Tank  
  179  9:41  Marine  
  181  9:46  Marine  
  181  9:47  Marine x2  
  181  9:53  Marine x3  
  181  9:54  Marine  
  181  9:55  Medivac  
  181  9:56  Marine x2  
  181  9:59  Marine  
  170  10:04  Marine x3  
  150  10:11  Marine x3  
  150  10:12  Marine  
  150  10:14  Marine x2  
  139  10:17  Marine  
  131  10:22  Marine x3  
Tags
 
Add a new tag
Caveats
  • Supply blocks, unpowered buildings, or Contaminate may cause inaccurate times.
  • Supply counts are checked every 10 seconds.